Map: Cactus Valley LE (Void)

Players

Puppytherapy - Winner!

  • Race: Protoss Protoss

MrNovember

  • Race: Zerg Zerg

VOD

Have the link to the VOD?

Description

Time

  • Played on: May 5, 2015, 12:49 p.m.
  • Length: 5:34
Show
View Real Time Build Order
Export as new Build Order

Puppytherapy Protoss - Winner!

Build Orders: 1 Gate Expand 

Get SALT Encoding   

  12  0:01  Probe  
  13  0:13  Pylon  
  13  0:19  Probe  
  14  0:31  Gateway  
  14  0:34  Probe (Chrono Boost)  
  15  0:44  Probe (Chrono Boost)  
  16  0:51  Probe  
  16  0:53  Assimilator  
  17  1:03  Probe  
  18  1:23  Nexus  
  18  1:34  Pylon  
  18  1:40  Cybernetics Core  
  18  1:41  Probe (Chrono Boost)  
  19  1:51  Probe (Chrono Boost), Zealot  
  22  2:00  Probe  
  23  2:12  Probe  
  24  2:17  Warp Gate (Chrono Boost)  
  24  2:18  Adept (Chrono Boost)  
  26  2:24  Pylon  
  26  2:27  Probe  
  27  2:37  Gateway  
  27  2:39  Probe  
  27  2:43  Gateway  
  28  2:45  Probe  
  30  2:51  Probe  
  30  3:00  Probe  
  30  3:03  Gateway  
  31  3:17  Probe x2  
  33  3:20  Gateway  
  33  3:22  Gateway  
  33  3:29  Probe (Chrono Boost)  
  34  3:39  Gateway  
  35  3:41  Probe (Chrono Boost)  
  35  3:52  Pylon x2  
  35  3:56  Probe x2  
  37  4:11  Pylon  
  37  4:17  Adept x4  
  43  4:32  Stalker x2  
  43  4:33  Stalker x3  
  53  4:40  Pylon  
  53  4:41  Zealot  
  55  4:52  Pylon  
  55  5:04  Adept x5, Pylon  
  60  5:24  Zealot x4  
  60  5:25  Zealot  
  60  5:26  Zealot  
Show
View Real Time Build Order
Export as new Build Order

MrNovember Zerg 

Build Orders: Hatch First 

Get SALT Encoding   

  12  0:01  Drone  
  13  0:08  Drone  
  14  0:18  Overlord  
  14  0:25  Drone, Extractor  
  15  0:38  Drone x2  
  17  0:45  Drone  
  18  0:58  Hatchery  
  18  1:00  Drone  
  18  1:06  Drone  
  19  1:18  Drone  
  20  1:22  Spawning Pool  
  19  1:27  Drone  
  19  1:29  Extractor  
  19  1:39  Drone  
  20  1:49  Drone  
  21  2:00  Drone  
  22  2:10  Queen  
  22  2:11  Queen  
  22  2:13  Overlord  
  22  2:14  Zergling x2  
  27  2:21  Drone  
  28  2:32  Metabolic Boost  
  28  2:33  Drone x3  
  31  2:43  Drone  
  31  2:44  Overlord  
  32  2:53  Drone  
  32  2:54  Drone  
  34  3:02  Hatchery  
  33  3:06  Drone x2  
  33  3:12  Queen  
  37  3:15  Overlord  
  37  3:18  Drone  
  37  3:19  Drone  
  39  3:21  Drone x4  
  39  3:24  Drone  
  44  3:30  Overlord  
  44  3:35  Drone x3, Extractor  
  44  3:40  Drone  
  44  3:41  Drone  
  48  3:52  Zergling x2  
  48  3:53  Zergling x6  
  52  3:56  Overlord  
  52  3:59  Drone  
  52  4:08  Drone x2  
  54  4:22  Hatchery  
  54  4:24  Drone x3  
  55  4:25  Drone  
  55  4:26  Drone  
  55  4:30  Drone  
  55  4:31  Drone  
  59  4:32  Lair, Roach Warren  
  59  4:35  Overlord  
  59  4:36  Drone  
  59  4:37  Drone x6  
  65  4:43  Zergling x4  
  67  4:51  Spine Crawler  
  66  4:53  Spine Crawler, Zergling x6  
  67  5:01  Zergling x10  
  67  5:06  Zergling x2  
  73  5:08  Overlord  
  73  5:11  Overlord  
  73  5:13  Overlord  
Tags
 
Add a new tag
Caveats
  • Supply blocks, unpowered buildings, or Contaminate may cause inaccurate times.
  • Supply counts are checked every 10 seconds.